[Event "Titled Tuesday Blitz August 08 Early 2023"]
[White "Lisjak, Zlatko"]
[Black "Player, Edmund C"]
[WhiteFideId "14502186"]
[BlackFideId "406520"]
[WhiteElo "2188"]
[BlackElo "2289"]
[Result "0-1"]
[Round "9"]
[TimeControl "180+1"]
[Date "2023.08.08"]
[WhiteClock "0:00:01"]
[BlackClock "0:01:02"]
[Board "167"]

1. e4 e5 2. Nf3 Nc6 3. Bb5 a6 4. Bxc6 dxc6 5. O-O Bg4 6. d3 Qf6 7. Nbd2 Ne7 8. h3 h5 9. Re1 Ng6 10. hxg4 hxg4 11. Nh2 Bc5 12. Nxg4 Qh4 13. Kf1 Qh1+ 14. Ke2 Nf4+ 15. Kf3 Rh3# 0-1


[Site "https://www.chess.com"]

[Event "Titled Tuesday Blitz August 08 Early 2023"]
[White "Kiseljova, Marya"]
[Black "Vedder, Richard"]
[WhiteFideId "4155009"]
[BlackFideId "1004166"]
[WhiteElo "2212"]
[BlackElo "2385"]
[Result "0-1"]
[Round "9"]
[TimeControl "180+1"]
[Date "2023.08.08"]
[WhiteClock "0:00:01"]
[BlackClock "0:00:23"]
[Board "169"]

1. d4 d5 2. c4 dxc4 3. Nf3 Nf6 4. g3 e6 5. Bg2 Nc6 6. O-O a6 7. a4 Rb8 8. a5 Bb4 9. Nbd2 Bxa5 10. Nxc4 Bb4 11. Bg5 O-O 12. e3 h6 13. Bf4 Bd6 14. Nxd6 cxd6 15. Nd2 e5 16. Bxc6 exf4 17. Bf3 fxe3 18. fxe3 Bh3 19. Rf2 Qe7 20. e4 Rfe8 21. Qb3 Be6 22. Qb6 d5 23. e5 Nd7 24. Qb3 Rec8 25. Bxd5 Bxd5 26. Qxd5 Nb6 27. Qb3 Rc6 28. Raf1 Rf8 29. d5 Rg6 30. e6 Qc5 31. exf7+ Rxf7 32. Ne4 Qd4 33. Qc2 Nxd5 34. Rd1 Rxf2 35. Nxf2 Qb6 36. Rxd5 Rf6 37. Qc8+ Kh7 38. Qc2+ Kg8 39. Rc5 Rf8 40. b4 Qxb4 41. Qc4+ Qxc4 42. Rxc4 a5 43. Ra4 Ra8 44. Ne4 b5 45. Ra1 a4 46. Nc3 Ra5 47. Kf2 a3 48. Ke3 b4 49. Ne4 b3 50. Nd2 b2 51. Ra2 Re5+ 52. Kd3 Rd5+ 53. Kc3 Rxd2 54. Kxd2 b1=Q 55. Rxa3 Qb2+ 0-1


[Site "https://www.chess.com"]

[Event "Titled Tuesday Blitz August 08 Early 2023"]
[White "Petersson, Kjell"]
[Black "Davidson, Kevin"]
[WhiteFideId "1705148"]
[BlackFideId "2056810"]
[WhiteElo "2194"]
[BlackElo "2365"]
[Result "0-1"]
[Round "9"]
[TimeControl "180+1"]
[Date "2023.08.08"]
[WhiteClock "0:00:00"]
[BlackClock "0:00:09"]
[Board "170"]

1. d4 Nf6 2. Bf4 g6 3. Nc3 Bg7 4. e4 d6 5. Qd2 c6 6. O-O-O b5 7. f3 b4 8. Nce2 Qa5 9. Kb1 Be6 10. Nc1 Nbd7 11. Bh6 Bxh6 12. Qxh6 Qb6 13. Nge2 Bc4 14. Ng3 Bxf1 15. Rhxf1 c5 16. dxc5 Nxc5 17. h4 a5 18. h5 Na4 19. Nd3 Rc8 20. hxg6 fxg6 21. Qh3 Qc7 22. Rd2 O-O 23. Rh1 Qd7 24. Qh6 Qe6 25. Nf4 Qf7 26. Nd5 Nxd5 27. Rxd5 Rc5 28. Rxc5 Nxc5 29. Ne2 Qg7 30. Qh3 Qf7 31. Nd4 e5 32. Ne2 a4 33. Rd1 Qc7 34. Qh4 Rc8 35. Rc1 Kg7 36. g4 Qf7 37. Qh3 Rf8 38. Rf1 Nxe4 0-1


[Site "https://www.chess.com"]

[Event "Titled Tuesday Blitz August 08 Early 2023"]
[White "AndresDelgado77"]
[Black "Yuruultei Batbaatar"]
[BlackFideId "4905962"]
[WhiteElo "2331"]
[BlackElo "2181"]
[Result "0-1"]
[Round "9"]
[TimeControl "180+1"]
[Date "2023.08.08"]
[WhiteClock "0:00:14"]
[BlackClock "0:00:07"]
[Board "171"]

1. e4 c5 2. Nf3 e6 3. c3 Nc6 4. d4 cxd4 5. cxd4 Nf6 6. Nc3 d5 7. e5 Nd7 8. Bd3 Be7 9. h4 a6 10. a3 b5 11. b4 Qb6 12. Be3 Bb7 13. Ng5 Rc8 14. Rc1 Ndxe5 15. dxe5 d4 16. Bd2 dxc3 17. Bxc3 Rd8 18. Qe2 Nd4 19. Qg4 Nb3 20. Rd1 Qc6 21. Ne4 Rxd3 22. Rxd3 Qxe4+ 23. Qxe4 Bxe4 24. Rg3 O-O 25. O-O Rc8 26. Re1 Bd5 27. h5 Bh4 28. Rge3 Bg5 29. Rd3 h6 30. g3 Kh7 31. f4 Be7 32. Kf2 a5 33. Ke3 axb4 34. axb4 Rxc3 35. Rxc3 Bxb4 36. Kd3 Bxc3 37. Kxc3 Nc5 38. Kb4 Nd3+ 39. Kxb5 Nxe1 40. Kc5 Nf3 41. Kd6 Ng1 42. Ke7 Ne2 43. Kxf7 Nxg3 44. Ke7 Nxh5 45. f5 exf5 46. Kd6 Ba2 47. Kc5 Bg8 48. Kd4 g5 49. Ke3 Be6 50. Kf2 f4 51. Kg1 Kg6 52. Kf2 Kf5 53. Ke2 g4 54. Kf2 g3+ 55. Kg1 Kg4 56. Kf1 f3 57. Kg1 f2+ 58. Kf1 Bc4+ 59. Kg2 f1=Q# 0-1


[Site "https://www.chess.com"]

[Event "Titled Tuesday Blitz August 08 Early 2023"]
[White "cycygogne"]
[Black "Ai, Evan"]
[BlackFideId "2094770"]
[WhiteElo "2173"]
[BlackElo "2323"]
[Result "1-0"]
[Round "9"]
[TimeControl "180+1"]
[Date "2023.08.08"]
[WhiteClock "0:00:12"]
[BlackClock "0:00:02"]
[Board "172"]

1. e4 c5 2. Nf3 d6 3. d4 cxd4 4. Nxd4 Nf6 5. Nc3 a6 6. Bg5 e6 7. Qf3 Be7 8. O-O-O Qc7 9. Qg3 Nbd7 10. f4 b5 11. e5 dxe5 12. fxe5 Nh5 13. Qh4 Bxg5+ 14. Qxg5 Qxe5 15. Qxe5 Nxe5 16. Be2 Nf4 17. Bf3 Nxf3 18. gxf3 Bb7 19. Ne4 Ke7 20. Rhg1 g6 21. Rg4 Nd5 22. Nc5 Bc8 23. Re4 Kd6 24. b4 Kc7 25. Rd3 Nxb4 26. Ra3 Kb6 27. Ndb3 Nd5 28. c4 Nc3 29. Re3 b4 30. Ra4 Rd8 31. Rxb4+ Kc6 32. Rxc3 e5 33. Ne4 f5 34. Na5+ Kc7 35. Nc5 Rd4 36. Rd3 Rxd3 37. Nxd3 e4 38. fxe4 fxe4 39. Nf4 Kd6 40. Kd2 Ke5 41. Ke3 g5 42. Ne2 Be6 43. Nc6+ Kd6 44. Ncd4 Bg4 45. Rb6+ Kc5 46. Rc6+ Kb4 47. Nc1 Kc3 48. c5 Rd8 49. Ncb3 Bd1 50. Rd6 Re8 51. c6 Bxb3 52. axb3 Kb4 53. c7 Kc5 54. Rd8 1-0


[Site "https://www.chess.com"]

[Event "Titled Tuesday Blitz August 08 Early 2023"]
[White "Rodriguez Santiago, Jaime"]
[Black "Butti, Enrique"]
[WhiteFideId "3100898"]
[BlackFideId "3700470"]
[WhiteElo "2306"]
[BlackElo "2155"]
[Result "0-1"]
[Round "9"]
[TimeControl "180+1"]
[Date "2023.08.08"]
[WhiteClock "0:00:12"]
[BlackClock "0:00:59"]
[Board "173"]

1. c4 e5 2. g3 Nc6 3. Bg2 g6 4. Nc3 Bg7 5. e4 d6 6. Nge2 f5 7. d3 Nf6 8. O-O O-O 9. f4 fxe4 10. dxe4 Bg4 11. h3 Bxe2 12. Nxe2 exf4 13. Nxf4 Ne5 14. Ne6 Qd7 15. Nxf8 Rxf8 16. Bf4 Qe6 17. Rc1 c6 18. c5 dxc5 19. Rxc5 Nfd7 20. Ra5 a6 21. Kh2 Nc4 22. Qb3 b5 23. Rxa6 Nc5 24. Qxb5 cxb5 25. Rxe6 Nxe6 26. b3 Ne5 27. Rd1 Nxf4 28. gxf4 Rxf4 29. Rd5 b4 30. Kg3 Rf8 31. Rb5 Nd3 32. h4 Be5+ 33. Kg4 Nf2+ 34. Kg5 Bf4# 0-1


[Site "https://www.chess.com"]

[Event "Titled Tuesday Blitz August 08 Early 2023"]
[White "LuxLinster"]
[Black "Mitrovic, Darko R"]
[BlackFideId "927023"]
[WhiteElo "2270"]
[BlackElo "2131"]
[Result "0-1"]
[Round "9"]
[TimeControl "180+1"]
[Date "2023.08.08"]
[WhiteClock "0:00:00"]
[BlackClock "0:00:10"]
[Board "174"]

1. d4 e6 2. c4 Nf6 3. g3 Bb4+ 4. Bd2 Bxd2+ 5. Qxd2 O-O 6. Bg2 d6 7. e4 e5 8. Ne2 c5 9. d5 Nh5 10. h3 g6 11. Nbc3 a6 12. g4 Ng7 13. Ng3 b5 14. cxb5 axb5 15. Nxb5 Ba6 16. Nc3 Nd7 17. Bf1 Bxf1 18. Kxf1 f5 19. gxf5 gxf5 20. Rg1 Kh8 21. Qh6 Rf6 22. Qg5 Qf8 23. Re1 Qf7 24. a3 Rf8 25. Re2 Rg6 26. Qd2 f4 27. Nh1 Rxg1+ 28. Kxg1 Qg6+ 29. Kf1 f3 30. Ng3 fxe2+ 31. Kxe2 Nf6 32. Qe3 Nfh5 33. Kd2 Nxg3 34. fxg3 Nh5 35. g4 Nf4 36. a4 Qh6 0-1


[Site "https://www.chess.com"]

[Event "Titled Tuesday Blitz August 08 Early 2023"]
[White "McLaren, Brian"]
[Black "Novikova, Margarita"]
[WhiteFideId "2604612"]
[BlackFideId "14109689"]
[WhiteElo "2259"]
[BlackElo "2116"]
[Result "0-1"]
[Round "9"]
[TimeControl "180+1"]
[Date "2023.08.08"]
[WhiteClock "0:01:46"]
[BlackClock "0:01:31"]
[Board "175"]

1. g3 g6 2. Bg2 Bg7 3. e4 Nf6 4. Ne2 d6 5. O-O O-O 6. d4 e5 7. Nbc3 Nbd7 8. h3 a5 9. Be3 b6 10. Qd2 Re8 11. Rfe1 Bb7 12. dxe5 Nxe5 13. b3 Ned7 14. Bg5 Qc8 15. f3 Nc5 16. Rad1 Ne6 17. Be3 Bc6 18. Nd5 Qb7 19. c4 Rad8 20. Nd4 Nxd4 21. Bxd4 Bxd5 22. exd5 Nh5 23. Bf2 a4 24. f4 axb3 25. axb3 Nf6 26. Rxe8+ Rxe8 27. Re1 Ra8 28. g4 Nd7 29. h4 Nc5 30. b4 Nb3 31. Re4 Nxd2 0-1


[Site "https://www.chess.com"]

[Event "Titled Tuesday Blitz August 08 Early 2023"]
[White "Semenova, Alina"]
[Black "Sarkar, Justin"]
[WhiteFideId "24113875"]
[BlackFideId "2010011"]
[WhiteElo "2089"]
[BlackElo "2233"]
[Result "1-0"]
[Round "9"]
[TimeControl "180+1"]
[Date "2023.08.08"]
[WhiteClock "0:02:01"]
[BlackClock "0:00:00"]
[Board "176"]

1. e4 e5 2. Nf3 Nc6 3. c3 d5 4. Qa4 dxe4 5. Nxe5 Qd5 6. Nxc6 bxc6 7. Bc4 Qc5 8. O-O Nf6 9. d4 Qb6 10. Re1 Be7 11. Nd2 Bf5 12. f3 exf3 13. Nxf3 Kf8 14. Ne5 Re8 15. Nxf7 1-0


[Site "https://www.chess.com"]

[Event "Titled Tuesday Blitz August 08 Early 2023"]
[White "Mangialardo, Tiago Carvalho"]
[Black "Joshi, Pankaj"]
[WhiteFideId "2130718"]
[BlackFideId "5006210"]
[WhiteElo "2075"]
[BlackElo "2230"]
[Result "1-0"]
[Round "9"]
[TimeControl "180+1"]
[Date "2023.08.08"]
[WhiteClock "0:00:33"]
[BlackClock "0:00:05"]
[Board "177"]

1. e4 c6 2. c4 d5 3. exd5 cxd5 4. cxd5 Nf6 5. Bb5+ Bd7 6. Bc4 b5 7. Bb3 a5 8. a3 a4 9. Ba2 Bg4 10. Nf3 Nxd5 11. Qe2 Qd7 12. Ne5 Bxe2 13. Nxd7 Nf4 14. Nxb8 Rxb8 15. d4 Ne6 16. Bxe6 fxe6 17. Kxe2 g6 18. Bf4 Bg7 19. Bxb8 Bxd4 20. Nc3 Bxc3 21. bxc3 O-O 22. Be5 Rb8 23. Rab1 g5 24. Bxb8 g4 25. Rxb5 h5 26. Rxh5 g3 27. hxg3 Kf7 28. Be5 Ke8 29. Rh8+ Kd7 30. Rd1+ Kc6 31. Rc8+ Kb5 32. Rb1+ Ka6 33. Ra8# 1-0


[Site "https://www.chess.com"]

[Event "Titled Tuesday Blitz August 08 Early 2023"]
[White "Schut, Han"]
[Black "sasvathaa"]
[WhiteFideId "1005561"]
[WhiteElo "2229"]
[BlackElo "2040"]
[Result "0-1"]
[Round "9"]
[TimeControl "180+1"]
[Date "2023.08.08"]
[WhiteClock "0:00:12"]
[BlackClock "0:00:27"]
[Board "178"]

1. e4 c6 2. d4 d5 3. exd5 cxd5 4. c4 e6 5. Nc3 Nf6 6. Nf3 Nc6 7. cxd5 exd5 8. Ne5 Be7 9. f4 O-O 10. Bd3 Qb6 11. Nxc6 bxc6 12. Be2 Re8 13. O-O Bf5 14. b3 Bb4 15. Na4 Qc7 16. Bd2 Bd6 17. Rc1 Qe7 18. Rxc6 Bd7 19. Rxd6 Qxd6 20. Nc5 Bc6 21. Bb4 Qc7 22. g3 a5 23. Ba3 Ne4 24. Bf3 Nxc5 25. Bxc5 f5 26. Qd3 Qd7 27. Rc1 Bb5 28. Qd2 h6 29. Qg2 Bc6 30. Ba3 Bb7 31. Rc5 Rac8 32. Bxd5+ Bxd5 33. Rxd5 Re1+ 34. Kf2 Qe6 35. Re5 Rxe5 36. fxe5 Rc2+ 0-1


[Site "https://www.chess.com"]

[Event "Titled Tuesday Blitz August 08 Early 2023"]
[White "Nikulina, Alena"]
[Black "Kula, Robert"]
[WhiteFideId "4172051"]
[BlackFideId "1101218"]
[WhiteElo "2058"]
[BlackElo "2226"]
[Result "0-1"]
[Round "9"]
[TimeControl "180+1"]
[Date "2023.08.08"]
[WhiteClock "0:00:08"]
[BlackClock "0:00:44"]
[Board "179"]

1. e4 e5 2. Nf3 Nc6 3. Bb5 a6 4. Ba4 Nf6 5. O-O b5 6. Bb3 Be7 7. Re1 O-O 8. c3 d6 9. d3 Na5 10. Bc2 c5 11. Nbd2 Rb8 12. Nf1 Bg4 13. h3 Bh5 14. g4 Bg6 15. Ng3 b4 16. Nf5 Re8 17. Ba4 Rf8 18. N3h4 Nd7 19. Nxe7+ Qxe7 20. Nf5 Bxf5 21. gxf5 Nb6 22. Bc2 bxc3 23. bxc3 f6 24. Kh2 Kh8 25. Rg1 d5 26. Ba3 dxe4 27. dxe4 Nbc4 28. Bc1 Qf7 29. Bb3 Rfd8 30. Qg4 Nxb3 31. axb3 Rxb3 32. Rxa6 Rxc3 33. Rc6 Rc2 34. Qg3 Nd6 35. Ba3 Nxe4 36. Qe3 Rxf2+ 37. Kh1 Qd5 38. Rc7 Ng3# 0-1


[Site "https://www.chess.com"]

[Event "Titled Tuesday Blitz August 08 Early 2023"]
[White "Wisniowski, Natalie"]
[Black "Zaichenko, Daria"]
[WhiteFideId "30929261"]
[BlackFideId "4197453"]
[WhiteElo "2036"]
[BlackElo "2225"]
[Result "1/2-1/2"]
[Round "9"]
[TimeControl "180+1"]
[Date "2023.08.08"]
[WhiteClock "0:00:05"]
[BlackClock "0:00:04"]
[Board "180"]

1. e4 c5 2. d4 cxd4 3. c3 dxc3 4. Nxc3 Nc6 5. Nf3 e5 6. Bc4 d6 7. O-O Be7 8. Nd5 Bg4 9. h3 Bxf3 10. Qxf3 Nf6 11. Qg3 Rg8 12. Qb3 Qd7 13. Ne3 Nd4 14. Qd3 Nh5 15. Nf5 Nc6 16. Bb5 g6 17. Ng3 Nf6 18. Be3 a6 19. Ba4 d5 20. exd5 Qxd5 21. Qxd5 Nxd5 22. Rac1 Rc8 23. Ne4 Nxe3 24. fxe3 f5 25. Nc3 Kf7 26. Nd5 Rgd8 27. Nb6 Rc7 28. Rc3 Bb4 29. Rc2 Rd3 30. Rfc1 Rxe3 31. Nc4 Re4 32. a3 Bc5+ 33. Kh2 b5 34. Nd2 Be3 35. Nxe4 fxe4 36. Rxc6 Rxc6 37. Rxc6 bxa4 38. Rxa6 Bd4 39. Rxa4 Bxb2 40. Rxe4 Bxa3 41. Kg1 Bb2 42. Kf1 Bd4 43. Ke2 Kf6 44. Kd3 Kf5 45. g4+ Kg5 46. Ke2 Kh4 47. Kf3 Kxh3 48. Re1 Kh2 49. Re2+ Kh3 50. Ra2 h5 51. gxh5 gxh5 52. Ra8 Kh4 53. Rf8 Kg5 54. Rg8+ Kf5 55. Rf8+ Kg5 56. Rg8+ Kf5 57. Rh8 Kg5 58. Rg8+ 1/2-1/2


[Site "https://www.chess.com"]

[Event "Titled Tuesday Blitz August 08 Early 2023"]
[White "Pumpkin_in_moonlight"]
[Black "Pershina, Elena"]
[BlackFideId "24147516"]
[WhiteElo "2099"]
[BlackElo "2346"]
[Result "1-0"]
[Round "9"]
[TimeControl "180+1"]
[Date "2023.08.08"]
[WhiteClock "0:00:06"]
[BlackClock "0:00:01"]
[Board "181"]

1. e4 c5 2. Nf3 Nc6 3. Bb5 g6 4. Bxc6 dxc6 5. d3 Bg7 6. O-O Qc7 7. Nbd2 e5 8. a4 a5 9. h3 Ne7 10. Nc4 O-O 11. b3 h6 12. Bb2 f6 13. Nfd2 b5 14. Ne3 Be6 15. Qe2 f5 16. f3 Kh7 17. axb5 cxb5 18. c4 bxc4 19. dxc4 Nc6 20. Nd5 Qf7 21. Qd3 Nd4 22. Ba3 Rac8 23. Nb6 Rc6 24. Nd5 Rb8 25. Bb2 Ra6 26. Ra3 Qa7 27. Rfa1 Bxd5 28. cxd5 c4 29. Qe3 cxb3 30. Kf2 Nc2 31. Qxa7 Rxa7 32. Rxa5 Rxa5 33. Rxa5 fxe4 34. fxe4 Nd4 35. Ke3 h5 36. Kd3 g5 37. Nc4 g4 38. hxg4 hxg4 39. g3 Kg6 40. Ra6+ Kg5 41. Bc1+ Kh5 42. Bb2 Nf3 43. Ra1 Kg6 44. Rh1 Ra8 45. Ne3 Ra2 46. Kc3 Kg5 47. Kxb3 Ra6 48. Bc1 Kg6 49. Nxg4 Nd4+ 50. Kc4 Ra4+ 51. Kd3 Ra2 52. Ne3 Bf8 53. Nf5 Nxf5 54. exf5+ Kxf5 55. Rf1+ Kg6 56. Rxf8 Ra1 57. Rf1 Ra2 58. Ke4 Ra4+ 59. Kxe5 Ra5 60. Ke6 Ra6+ 61. d6 Rb6 62. Ke7 Rb7+ 63. d7 Kg7 64. Ke8 1-0


[Site "https://www.chess.com"]

[Event "Titled Tuesday Blitz August 08 Early 2023"]
[White "Osiecki, Stanislaw"]
[Black "Clawitter, Craig"]
[WhiteFideId "1102990"]
[BlackFideId "2023105"]
[WhiteElo "2014"]
[BlackElo "2195"]
[Result "0-1"]
[Round "9"]
[TimeControl "180+1"]
[Date "2023.08.08"]
[WhiteClock "0:00:13"]
[BlackClock "0:00:40"]
[Board "182"]

1. e4 e6 2. d4 d5 3. e5 c5 4. c3 Qb6 5. Nf3 Nc6 6. Be2 Nh6 7. Bxh6 gxh6 8. Qd2 Bd7 9. O-O Bg7 10. b3 O-O 11. Na3 cxd4 12. cxd4 f6 13. exf6 Rxf6 14. Nc2 a5 15. Bd3 Raf8 16. Ne3 Rxf3 17. gxf3 Nxd4 18. Kh1 Nxf3 19. Qc2 Bxa1 20. Bxh7+ Kh8 21. Rxa1 Qd4 22. Rd1 Qg7 23. Bg6 Rg8 24. Qe2 Qxg6 25. Qxf3 d4 26. Qxb7 dxe3 27. fxe3 e5 28. Qd5 Bc6 29. Qf3 Bxf3# 0-1


[Site "https://www.chess.com"]

[Event "Titled Tuesday Blitz August 08 Early 2023"]
[White "cthake"]
[Black "campochess"]
[WhiteElo "1828"]
[BlackElo "2194"]
[Result "1-0"]
[Round "9"]
[TimeControl "180+1"]
[Date "2023.08.08"]
[WhiteClock "0:00:21"]
[BlackClock "0:00:36"]
[Board "183"]

1. e4 c5 2. Nc3 Nc6 3. f4 e6 4. Nf3 Nf6 5. Bb5 Nd4 6. Be2 a6 7. d3 d6 8. O-O Nxe2+ 9. Qxe2 Be7 10. a4 O-O 11. h3 Nd7 12. Be3 b6 13. Qf2 Bb7 14. Rad1 f5 15. e5 d5 16. d4 c4 17. Ng5 Bxg5 18. fxg5 Rf7 19. Ne2 Nf8 20. h4 Bc6 21. b3 b5 22. axb5 axb5 23. Ra1 Rfa7 24. Rxa7 Rxa7 25. bxc4 dxc4 26. d5 Rc7 27. dxc6 Rxc6 28. Nd4 Ra6 29. Nxb5 Qd5 30. Nc7 Qc6 31. Nxa6 Qxa6 32. Bc5 Ng6 33. Bd4 Qc6 34. c3 Qe4 35. Qf3 Qxh4 36. Qa8+ Kf7 37. Ra1 Nf4 38. Ra7+ Kg6 39. Qe8+ Kxg5 40. Rxg7+ Kh6 41. Qe7 Qxe7 42. Rxe7 Kg6 43. Kf2 Nd3+ 44. Ke3 Ne1 45. Rxe6+ Kg5 46. g3 Nc2+ 47. Kd2 Na3 48. Re7 h5 49. Rb7 Kg4 50. e6 Kxg3 51. e7 f4 52. e8=Q h4 53. Qg6+ Kf3 54. Qh5+ Ke4 55. Qe2+ Kf5 56. Rf7+ Kg6 57. Qe6+ Kg5 58. Qf5+ Kh6 59. Qxf4+ Kg6 60. Rf6+ Kh7 61. Qxh4+ Kg8 62. Qg5+ Kh7 63. Rh6# 1-0


[Site "https://www.chess.com"]

[Event "Titled Tuesday Blitz August 08 Early 2023"]
[White "Samarth J Rao"]
[Black "Stangl, Anita, Dr."]
[WhiteFideId "46652370"]
[BlackFideId "4608801"]
[WhiteElo "2158"]
[BlackElo "2102"]
[Result "1-0"]
[Round "9"]
[TimeControl "180+1"]
[Date "2023.08.08"]
[WhiteClock "0:00:37"]
[BlackClock "0:01:13"]
[Board "184"]

1. d4 e6 2. e3 d5 3. Bd3 c6 4. f4 Nf6 5. Nd2 Nbd7 6. Ngf3 Bd6 7. O-O Ng4 8. Qe2 f5 9. Ng5 Qf6 10. h3 Nh6 11. c4 Nf7 12. Nxf7 Qxf7 13. cxd5 exd5 14. Nf3 Nf6 15. Ne5 Qh5 16. Qxh5+ Nxh5 17. Bd2 Ng3 18. Rf3 Ne4 19. Bxe4 fxe4 20. Rg3 O-O 21. a3 Bf5 22. Bb4 Rf6 23. Bxd6 Rxd6 24. b4 a5 25. Rb1 axb4 26. Rxb4 b5 27. Rb3 Ra4 28. Rc3 Bd7 29. Nxd7 Rxd7 30. Rxc6 Rxa3 31. Rb6 Ra5 32. f5 Rf7 33. f6 g6 34. Rg5 Ra1+ 35. Kh2 Rf1 36. Rxd5 R1xf6 37. Rxf6 Rxf6 38. Rxb5 Re6 39. Re5 Rxe5 40. dxe5 Kf7 41. Kg3 Ke6 42. Kf4 Kd5 43. g4 h6 44. h4 h5 45. g5 Ke6 46. Kxe4 Ke7 47. Kd5 Kd7 48. e6+ Ke7 49. Ke5 Kf8 50. Kf6 Ke8 51. e7 Kd7 52. Kf7 1-0


[Site "https://www.chess.com"]

[Event "Titled Tuesday Blitz August 08 Early 2023"]
[White "Ghosh, Chanchal Kumer"]
[Black "Grigoryan, Meri"]
[WhiteFideId "10201858"]
[BlackFideId "13300571"]
[WhiteElo "2094"]
[BlackElo "2153"]
[Result "0-1"]
[Round "9"]
[TimeControl "180+1"]
[Date "2023.08.08"]
[WhiteClock "0:00:11"]
[BlackClock "0:00:20"]
[Board "185"]

1. e4 c6 2. Nf3 d5 3. Nc3 Bg4 4. exd5 cxd5 5. Bb5+ Nc6 6. Ne5 Bd7 7. Bxc6 Bxc6 8. d4 e6 9. O-O Nf6 10. Bg5 Be7 11. Re1 h6 12. Bh4 O-O 13. Qf3 Ne4 14. Bxe7 Qxe7 15. Nxe4 dxe4 16. Qg3 Rab8 17. c4 Rfd8 18. Rad1 f5 19. b3 Be8 20. f3 Bh5 21. Rd2 exf3 22. gxf3 Qf6 23. f4 Rd6 24. Kf2 Rbd8 25. Qh3 Bg4 26. Nxg4 fxg4 27. Qe3 Rxd4 28. Rxd4 Rxd4 29. Qxe6+ Qxe6 30. Rxe6 Rxf4+ 31. Kg3 Rf3+ 32. Kxg4 Rf2 33. Re7 Rxh2 34. Rxb7 Rxa2 35. c5 Rc2 36. b4 a5 37. bxa5 Rxc5 38. a6 Ra5 39. a7 Kh7 40. Kf4 h5 41. Ke4 Kh6 42. Kd4 h4 43. Kc4 g5 44. Kb4 Ra1 45. Kb5 Kh5 46. Kb6 Kg4 47. Rc7 h3 48. Rc4+ Kg3 49. Rc3+ Kh4 50. Rc8 g4 51. a8=Q Rxa8 52. Rxa8 h2 53. Rh8+ Kg3 54. Kc5 Kg2 55. Kd4 h1=Q 56. Rxh1 Kxh1 57. Ke3 g3 58. Kf3 g2 59. Kf4 g1=Q 60. Ke5 Kh2 0-1


[Site "https://www.chess.com"]

[Event "Titled Tuesday Blitz August 08 Early 2023"]
[White "Seifert, Henryk"]
[Black "Floresvillar Gonzalez, Luis Migu"]
[WhiteFideId "1100963"]
[BlackFideId "5100542"]
[WhiteElo "2048"]
[BlackElo "2136"]
[Result "0-1"]
[Round "9"]
[TimeControl "180+1"]
[Date "2023.08.08"]
[WhiteClock "0:00:00"]
[BlackClock "0:00:41"]
[Board "186"]

1. e4 c6 2. d4 d5 3. exd5 cxd5 4. Bd3 Nf6 5. c3 Nc6 6. Bf4 Qb6 7. Qb3 Qxb3 8. axb3 Bg4 9. b4 e6 10. Nd2 Be7 11. Ngf3 Bxf3 12. Nxf3 Ne4 13. b5 Nd8 14. Nd2 f5 15. Nf3 Bd6 16. Bxd6 Nxd6 17. O-O N8f7 18. Ne5 Nxe5 19. dxe5 Ne4 20. f3 Nc5 21. Bc2 Ke7 22. g4 f4 23. h4 h6 24. Bg6 Rhd8 25. Rad1 a6 26. bxa6 Rxa6 27. Rd4 Rb6 28. b4 Nd7 29. Re1 Rf8 30. Rd3 Rc6 31. Kg2 Rc4 32. Ra1 Rfc8 33. Ra3 Nxe5 0-1


[Site "https://www.chess.com"]

[Event "Titled Tuesday Blitz August 08 Early 2023"]
[White "Skiadopoulos, Nikolaos"]
[Black "Gorovets, Andrey"]
[WhiteFideId "4200772"]
[BlackFideId "13504037"]
[WhiteElo "1876"]
[BlackElo "2747"]
[Result "0-1"]
[Round "9"]
[TimeControl "180+1"]
[Date "2023.08.08"]
[WhiteClock "0:00:00"]
[BlackClock "0:00:24"]
[Board "187"]

1. e4 c5 2. b4 cxb4 3. a3 bxa3 4. Nxa3 Nf6 5. e5 Nd5 6. Qf3 e6 7. Bc4 Nb6 8. Bd3 Nc6 9. Bb2 Be7 10. Ne2 O-O 11. h4 d5 12. exd6 Bxd6 13. h5 f5 14. h6 g6 15. Nb5 Be7 16. Bg7 Rf7 17. Bc3 Bf6 18. O-O a6 19. Bxf6 Rxf6 20. Nbc3 e5 21. Qe3 e4 22. Bxe4 fxe4 23. Nxe4 Re6 24. Qb3 Qd5 25. N2c3 Qxb3 26. cxb3 Bd7 27. Nc5 Re5 28. Nxb7 Nd4 29. Rfe1 Rae8 30. Rxe5 Rxe5 31. f4 Ne2+ 0-1


[Site "https://www.chess.com"]

[Event "Titled Tuesday Blitz August 08 Early 2023"]
[White "Steindl, Johannes"]
[Black "Guevara Sanchez, Erick Marvin"]
[WhiteFideId "1643266"]
[BlackFideId "6700136"]
[WhiteElo "2217"]
[BlackElo "2103"]
[Result "1-0"]
[Round "9"]
[TimeControl "180+1"]
[Date "2023.08.08"]
[WhiteClock "0:01:12"]
[BlackClock "0:01:56"]
[Board "188"]

1. e4 c5 2. c3 d6 3. d4 cxd4 4. cxd4 g6 5. Nf3 Bg7 6. Bc4 Nc6 7. h3 Qb6 8. O-O Nxd4 9. Be3 Nxf3+ 10. Qxf3 Qxb2 11. Qxf7+ Kd8 12. Nd2 Qf6 13. Qd5 Qe5 14. Qd3 Nf6 15. f4 Qh5 16. e5 Nd7 17. Ne4 b6 18. Ng5 Rf8 19. Ne6+ Ke8 20. Nxg7+ 1-0


[Site "https://www.chess.com"]

[Event "Titled Tuesday Blitz August 08 Early 2023"]
[White "Martinez Alcantara, Jose Eduardo"]
[Black "Carlsen, Magnus"]
[WhiteFideId "3805662"]
[BlackFideId "1503014"]
[WhiteElo "3055"]
[BlackElo "3244"]
[Result "0-1"]
[Round "10"]
[TimeControl "180+1"]
[Date "2023.08.08"]
[WhiteClock "0:00:00"]
[BlackClock "0:00:29"]
[Board "1"]

1. e4 c5 2. Nf3 Nc6 3. c3 e5 4. Bc4 Nf6 5. d3 Be7 6. Bg5 O-O 7. Nbd2 d6 8. a4 Nd7 9. Be3 Kh8 10. O-O Nb6 11. d4 Nxc4 12. Nxc4 exd4 13. cxd4 d5 14. exd5 Qxd5 15. Rc1 cxd4 16. Nxd4 Nxd4 17. Bxd4 Rd8 18. Qe2 Qxd4 19. Qxe7 Be6 20. b3 Rd7 21. Qg5 h6 22. Qg3 Rad8 23. h3 Kg8 24. Rfe1 Qf6 25. Ne5 Re7 26. Re3 Qg5 27. Qxg5 hxg5 28. Rce1 Rc7 29. Nf3 Rd5 30. b4 Rc4 31. Re4 Rxe4 32. Rxe4 Kf8 33. a5 Rd1+ 34. Kh2 Bd5 35. Re3 f6 36. Rc3 Rb1 37. Nd4 Rxb4 38. Rc8+ Kf7 39. Nf5 g6 40. Rc7+ Ke6 41. Ne3 a6 42. Rg7 Bc6 43. Rxg6 Rb5 44. Ng4 Rf5 45. Rh6 Kf7 46. f3 Kg7 47. h4 gxh4 48. Rxh4 Rxa5 49. Ne3 Re5 50. Nc4 Rc5 51. Nd6 a5 52. Rd4 Rd5 53. Rg4+ Kf8 54. Nc4 a4 55. Rh4 b5 56. Na5 Be8 57. Rh8+ Ke7 58. Rh7+ Ke6 59. Ra7 Kd6 60. Ra8 Bd7 61. Nb7+ Kc7 62. Nd8 b4 0-1


[Site "https://www.chess.com"]

[Event "Titled Tuesday Blitz August 08 Early 2023"]
[White "Firouzja, Alireza"]
[Black "Fedoseev, Vladimir"]
[WhiteFideId "12573981"]
[BlackFideId "24130737"]
[WhiteElo "3106"]
[BlackElo "3091"]
[Result "0-1"]
[Round "10"]
[TimeControl "180+1"]
[Date "2023.08.08"]
[WhiteClock "0:00:00"]
[BlackClock "0:01:37"]
[Board "2"]

1. e4 c5 2. Nf3 Nc6 3. Bb5 g6 4. O-O Bg7 5. Bxc6 bxc6 6. Re1 Nh6 7. c3 O-O 8. h3 f6 9. d4 cxd4 10. cxd4 Nf7 11. Nc3 d6 12. Be3 Bd7 13. Rc1 e5 14. Qd2 Qe7 15. b4 Rfb8 16. a3 a5 17. bxa5 Rxa5 18. dxe5 fxe5 19. Nd5 Qd8 20. Nb4 c5 21. Nd5 Rxa3 22. Ra1 Rab3 23. Ra7 h6 24. Kh2 R3b7 25. Rea1 Be6 26. Qd3 Kh7 27. Nd2 Qd7 28. Rxb7 Qxb7 29. Nc4 Bxd5 30. Qxd5 Qxd5 31. exd5 Rb4 32. Nxd6 e4 33. Ra7 Nxd6 34. Bxc5 Rb7 35. Ra6 Be5+ 36. g3 Rd7 37. Ra4 Nf5 38. Rxe4 Rxd5 39. Rc4 Rd2 40. Kg1 Bd4 41. Bxd4 Nxd4 42. Kg2 h5 43. g4 h4 44. Rc7+ Kg8 45. Rc8+ Kg7 46. Rc7+ Kf6 47. Rh7 g5 48. Rh6+ Ke5 49. Rh8 Ne6 50. Re8 Kf6 0-1


[Site "https://www.chess.com"]